 Dungeon Crawl Stone Soup version 0.18-b1-18-g7758cf2 (webtiles) character file.

795 Grim the Cruncher (level 7, -2/45 HPs)
             Began as an Octopode Gladiator on May 2, 2016.
             Slain by an ice beast (12 damage)
             ... on level 5 of the Dungeon.
             The game lasted 00:09:03 (4296 turns).

Grim the Cruncher (Octopode Gladiator)              Turns: 4296, Time: 00:09:04

Health: -2/45      AC:  1    Str: 14    XL:     7   Next: 89%
Magic:  7/7        EV: 13    Int: 10    God:
Gold:   140        SH:  0    Dex: 15    Spells: 0 memorised, 6 levels left

rFire  . . .     SeeInvis .     a - +0 quarterstaff
rCold  . . .     Gourm    .     (shield currently unavailable)
rNeg   . . .     Faith    .     b - +0 hat
rPois  .         Spirit   .     (no amulet)
rElec  .         Dismiss  .     (no ring)
rCorr  .         Reflect  .     (no ring)
SustAt .         Harm     .     (no ring)
MR     .....                    (no ring)
Stlth  ++........               (no ring)
                                (no ring)
                                (no ring)
                                (no ring)

@: not resistant to hostile enchantments, unstealthy
A: almost no armour, amphibious, 8 rings, constrict 8, camouflage 1, gelatinous
body 1
a: no special abilities


You were on level 5 of the Dungeon.
You were not hungry.

You visited 1 branch of the dungeon, and saw 5 of its levels.

You collected 140 gold pieces.

Inventory:

Hand Weapons
 a - a +0 quarterstaff (weapon)
Missiles
 c - 2 throwing nets (quivered)
Armour
 b - a +0 hat (worn)
Wands
 s - a wand of flame (17/48)
 x - a wand of polymorph (15/24)
Scrolls
 g - 3 scrolls of remove curse {unknown}
 h - a scroll of immolation
 i - a scroll of recharging
 k - 2 scrolls of identify {unknown}
 m - a scroll of magic mapping
 n - a scroll of teleportation {unknown}
 o - a scroll of fear
 u - a scroll of amnesia {unknown}
 w - a scroll of blinking {unknown}
 y - a scroll of noise {unknown}
Potions
 e - 2 potions of agility {unknown}
 f - a potion of heal wounds {unknown}
 j - a potion of lignification {unknown}
 t - a potion of degeneration {unknown}
 v - 2 potions of cancellation {unknown}
 A - 2 potions of brilliance {unknown}
 C - a potion of mutation {unknown}
Books
 q - a book of the Warp

   Spells                             Type                      Level
   a - Recall                         Summoning/Translocation      3
   b - Gell's Gravitas                Hexes/Translocation          3
   c - Force Lance                    Conjuration/Translocation    4
   d - Warp Weapon                    Charms/Translocation         5
   e - Summon Forest                  Summoning/Translocation      5
Comestibles
 d - 3 bread rations
 l - 2 beef jerkies
 p - 2 fruits
 r - 2 meat rations
 z - a slice of pizza
 B - a chunk of flesh


   Skills:
 - Level 2.0 Fighting
 + Level 9.1 Staves
 - Level 2.0 Throwing
 - Level 3.0 Dodging


You had 6 spell levels left.
You didn't know any spells.

Dungeon Overview and Level Annotations

Branches:
Dungeon (5/15)
 Temple: D:4-7

Altars:
Gozag
Kikubaaqudgha
Makhleb
Sif Muna
Yredelemnul

Shops:
D:4 =

Annotations:
D:5 kaze's ghost, novice OpFE


Innate Abilities, Weirdness & Mutations

You cannot wear most types of armour.
You are amphibious.
You can wear up to eight rings at the same time.
You can use your tentacles to constrict eight enemies at once.
Your skin changes colour to match your surroundings (Stealth).
Your rubbery body absorbs attacks (AC +1).


Message History

The ice beast barely misses you.
You hit the ice beast. Your squeeze misses the ice beast.
The ice beast is lightly wounded.
The ice beast hits you. The ice beast freezes you!
You barely miss the ice beast.
The ice beast is lightly wounded.
You hit the ice beast. You squeeze the ice beast.
The ice beast is lightly wounded.
The ice beast hits you. The ice beast freezes you!
* * * LOW HITPOINT WARNING * * *
You are too injured to fight recklessly!
Throwing (i - inventory):
c - 3 throwing nets (quivered)
Press: ? - help, Shift-Dir - straight line, f - ice beast
Aim: an ice beast (lightly wounded)
You throw a throwing net.
The throwing net barely misses the ice beast.
The ice beast hits you.
* * * LOW HITPOINT WARNING * * *
The ice beast freezes you!
You die...

## ..# #.# #.# #.#
#.# #########.##
#(Y@.......#
#.#######..# #
###..# ######
.#####....####.....
#..................
#.###............
#.#?#.#.####.####
#.###...# #.#
#.......# #.#


You could see an ice beast.

Vanquished Creatures
  An orc warrior (D:5)
  An ogre (D:4)
  3 vampire bats (D:2)
  A crimson imp (D:5)
  A giant frog zombie (D:5)
  4 hounds
  A jelly (D:5)
  A centaur skeleton (D:5)
  A giant frog skeleton (D:4)
  Terence (D:2)
  A worker ant (D:4)
  A hound skeleton (D:4)
  A gnoll (D:3)
  6 adders
  3 oozes
  A worm (D:5)
  2 dart slugs
  A giant gecko (D:4)
  6 orcs
  A bat skeleton (D:2)
  4 bat zombies (D:2)
  3 giant cockroaches
  12 goblins
  8 hobgoblins
  9 jackals
  4 kobolds
  3 quokkas
  2 ball pythons
  8 bats
  A giant gecko zombie (D:5)
  5 giant newts
  6 rats
103 creatures vanquished.

Notes
Turn   | Place    | Note
--------------------------------------------------------------
     0 | D:1      | Grim the Octopode Gladiator began the quest for the Orb.
     0 | D:1      | Reached XP level 1. HP: 14/14 MP: 1/1
    31 | D:1      | Reached XP level 2. HP: 12/19 MP: 2/2
   498 | D:1      | Reached skill level 4 in Staves
   703 | D:1      | Reached XP level 3. HP: 13/24 MP: 3/3
   915 | D:2      | Noticed Terence
   924 | D:2      | Killed Terence
  1230 | D:2      | Found a deep blue altar of Sif Muna.
  1266 | D:2      | Reached XP level 4. HP: 29/29 MP: 4/4
  1335 | D:2      | Found an opulent altar of Gozag.
  1459 | D:2      | Found an ancient bone altar of Kikubaaqudgha.
  1461 | D:2      | Reached skill level 5 in Staves
  1470 | D:2      | Reached XP level 5. HP: 27/34 MP: 5/5
  1474 | D:2      | Reached skill level 6 in Staves
  1803 | D:2      | Found a basalt altar of Yredelemnul.
  2214 | D:3      | Reached XP level 6. HP: 39/39 MP: 6/6
  2358 | D:3      | Reached skill level 7 in Staves
  2846 | D:4      | Reached XP level 7. HP: 37/45 MP: 7/7
  3004 | D:4      | Found a burning altar of Makhleb.
  3173 | D:4      | Found Pipnul's Jewellery Emporium.
  3400 | D:4      | Reached skill level 8 in Staves
  3751 | D:5      | Entered Level 5 of the Dungeon
  3751 | D:5      | Noticed kaze's ghost (novice OpFE)
  3874 | D:5      | HP: 2/45 [orc warrior/hand axe (13)]
  3875 | D:5      | Reached skill level 9 in Staves
  4296 | D:5      | Slain by an ice beast

Skill      XL: |  1  2  3  4  5  6  7 |
---------------+----------------------+-----
Staves         | 4 5 6 7 9 |  9.1
Fighting       | |  2.0
Throwing       | |  2.0
Dodging        | |  3.0

Action                   |  1- 3 |  4- 6 |  7- 9 || total
-------------------------+-------+-------+-------++-------
Melee: Quarterstaff      |    50 |    98 |    67 ||   215
       Constrict         |    13 |    29 |    12 ||    54
       Tentacles         |     8 |    23 |    14 ||    45
Throw: Throwing net      |       |       |     4 ||     4
  Use: Scroll            |       |     4 |       ||     4
 Stab: Sleeping          |     6 |     8 |     4 ||    18
  Eat: Chunk             |     1 |     5 |     5 ||    11
Armor: Skin              |     2 |     9 |       ||    11
Dodge: Dodged            |    25 |    83 |    34 ||   142
